[ AOE2 MATCH · #477437748 ]
UnrankedIncas vs Byzantines
[ REPLAY ANALYSIS · EXTRACTED FROM THE RECORDED GAME ]
Feudal
8:58
Castle
21:23
Imperial
34:33
| APM avg | 33.8 |
| APM peak | 60 |
| eAPM avg | 23.6 |
| Villagers / military | 191 / 196 |
Focus
⚔️ 35.8% · 🌾 64.2%
Archer ×111 · Trade Cart ×61 · Kamayuk ×58 · Trebuchet (Packed) ×18 · Petard ×9
Feudal
10:32
Castle
14:31
Imperial
28:07
| APM avg | 60.3 |
| APM peak | 95 |
| eAPM avg | 29.2 |
| Villagers / military | 153 / 347 |
Focus
⚔️ 36.5% · 🌾 63.5%
Scout Cavalry ×95 · Skirmisher ×92 · Archer ×77 · Cataphract ×57 · Bombard Cannon ×12 · Trebuchet (Packed) ×8
Feudal
10:57
Castle
14:52
Imperial
32:42
| APM avg | 49.3 |
| APM peak | 91 |
| eAPM avg | 29.0 |
| Villagers / military | 171 / 257 |
Focus
⚔️ 43.8% · 🌾 56.2%
Skirmisher ×133 · Composite Bowman ×94 · Trade Cart ×14 · Trebuchet (Packed) ×8 · Mangonel ×6 · Archer ×5
Feudal
10:34
Castle
15:32
Imperial
35:21
| APM avg | 59.1 |
| APM peak | 119 |
| eAPM avg | 44.4 |
| Villagers / military | 203 / 359 |
Focus
⚔️ 36.4% · 🌾 63.6%
Spearman ×326 · Mangonel ×18 · Trebuchet (Packed) ×5 · Battering Ram ×4 · Scorpion ×3 · Petard ×2
Feudal
8:04
Castle
21:54
Imperial
36:21
| APM avg | 56.1 |
| APM peak | 115 |
| eAPM avg | 36.7 |
| Villagers / military | 183 / 227 |
Focus
⚔️ 55.2% · 🌾 44.8%
Knight ×122 · Spearman ×82 · Trade Cart ×39 · Mangonel ×12 · Scout Cavalry ×9 · Trebuchet (Packed) ×2
Feudal
10:57
Castle
25:49
Imperial
35:49
| APM avg | 39.8 |
| APM peak | 115 |
| eAPM avg | 19.1 |
| Villagers / military | 117 / 169 |
Focus
⚔️ 31.6% · 🌾 68.4%
Knight ×86 · Scout Cavalry ×63 · Trade Cart ×27 · Archer ×12 · Battering Ram ×5 · Monk ×2
Feudal
10:57
Castle
14:27
Imperial
27:02
| APM avg | 53.4 |
| APM peak | 93 |
| eAPM avg | 34.9 |
| Villagers / military | 219 / 405 |
Focus
⚔️ 41.3% · 🌾 58.7%
Battle Elephant ×369 · Trade Cart ×40 · Bombard Cannon ×21 · Monk ×8 · Rattan Archer ×6 · Battering Ram ×1
Feudal
10:31
Castle
14:46
Imperial
28:50
| APM avg | 49.6 |
| APM peak | 90 |
| eAPM avg | 31.2 |
| Villagers / military | 209 / 389 |
Focus
⚔️ 42.3% · 🌾 57.7%
Scout Cavalry ×302 · Scorpion ×33 · Camel Scout ×29 · Bombard Cannon ×13 · Janissary ×7 · Petard ×2
Match map
Initial resources + every placement click. Lines = walls · curves = elevation contours. ◆ gold · ⬟ stone · ● berries · ✦ relic · ◌ wall gap
Your base· ✓ Closed at 21:23 · 0t walls · 3 gate(s)
Papa Crimskiy's base· ✓ Closed at 14:31 · 0t walls · 2 gate(s)
McGoon's base· ✓ Closed at 14:52 · 0t walls · 2 gate(s)
VL Carlos Manzo's base· ✓ Closed at 15:32 · 52t walls · 2 gate(s)
Jeffrey Goonstein's base· ✓ Closed at 21:54 · 0t walls · 2 gate(s)
VL Formolin's base· ✓ Closed at 25:49 · 61t walls · 5 gate(s)
DarK | DeGoon's base· ✓ Closed at 14:27 · 0t walls · 2 gate(s)
VL GaaRa__'s base· ✓ Closed at 14:46 · 0t walls · 3 gate(s)
Smoothed initial terrain · ◌ = detected wall gap · hover for details
Inputs per minute
— DaddyGooner69 - - Papa Crimskiy
Build order — DaddyGooner69
First 150 of 535 actions detected
| 0:02 | Create | Villager (Male) ×4 |
| 0:03 | Build | House |
| 0:05 | Build | House |
| 1:35 | Create | Villager (Male) |
| 1:35 | Create | Villager (Male) |
| 1:58 | Create | Villager (Male) |
| 2:16 | Create | Villager (Male) |
| 2:39 | Create | Villager (Male) |
| 2:39 | Create | Villager (Male) |
| 2:52 | Create | Villager (Male) |
| 2:52 | Create | Villager (Male) |
| 3:05 | Build | Settlement |
| 3:24 | Create | Villager (Male) |
| 3:24 | Create | Villager (Male) |
| 4:43 | Create | Villager (Male) |
| 4:58 | Create | Villager (Male) |
| 4:59 | Create | Villager (Male) |
| 5:05 | Create | Villager (Male) |
| 5:10 | Create | Villager (Male) |
| 5:11 | Research | Loom |
| 5:56 | Build | Settlement |
| 6:41 | Research | Feudal Age |
| 7:03 | Create | Villager (Male) |
| 8:17 | Create | Villager (Male) |
| 8:58 | Age | Feudal Age |
| 9:00 | Build | Watch Tower |
| 9:03 | Research | Double-Bit Axe |
| 9:05 | Create | Villager (Male) |
| 9:24 | Research | Town Watch |
| 9:34 | Build | Settlement |
| 9:50 | Create | Villager (Male) |
| 9:54 | Build | Farm |
| 9:58 | Research | Horse Collar |
| 10:13 | Create | Villager (Male) |
| 10:22 | Build | Farm |
| 10:37 | Create | Villager (Male) |
| 11:01 | Build | Farm |
| 11:08 | Build | Watch Tower |
| 11:22 | Build | Outpost |
| 11:37 | Build | Watch Tower |
| 11:38 | Create | Villager (Male) |
| 12:08 | Build | Farm |
| 12:09 | Create | Villager (Male) |
| 12:19 | Build | Farm |
| 12:21 | Create | Villager (Male) |
| 12:34 | Create | Villager (Male) |
| 13:03 | Build | Watch Tower |
| 13:25 | Build | Farm |
| 13:29 | Create | Villager (Male) |
| 13:37 | Create | Villager (Male) |
| 13:56 | Create | Villager (Male) |
| 14:00 | Build | Blacksmith |
| 14:22 | Build | House |
| 14:37 | Build | Farm |
| 14:38 | Create | Villager (Male) |
| 14:44 | Research | Fletching |
| 14:45 | Create | Villager (Male) |
| 14:48 | Build | Farm |
| 14:49 | Create | Villager (Male) |
| 15:35 | Build | Farm |
| 15:37 | Build | Farm |
| 15:45 | Create | Villager (Male) |
| 15:50 | Build | House |
| 16:08 | Create | Villager (Male) |
| 16:41 | Create | Villager (Male) |
| 16:45 | Build | Settlement |
| 17:02 | Create | Villager (Male) |
| 17:20 | Build | Market |
| 17:34 | Create | Villager (Male) |
| 18:07 | Build | Farm |
| 18:07 | Create | Villager (Male) |
| 18:43 | Research | Castle Age |
| 18:44 | Research | Castle Age |
| 18:48 | Build | Watch Tower |
| 18:52 | Create | Villager (Male) |
| 20:53 | Create | Villager (Male) |
| 21:08 | Build | House |
| 21:23 | Age | Castle Age |
| 21:26 | Research | Bodkin Arrow |
| 21:28 | Research | Bow Saw |
| 21:28 | Create | Villager (Male) |
| 21:38 | Build | Town Center |
| 21:48 | Create | Villager (Male) |
| 21:54 | Build | Town Center |
| 22:13 | Research | Heavy Plow |
| 22:14 | Create | Villager (Male) |
| 22:21 | Build | House |
| 22:48 | Build | Watch Tower |
| 22:50 | Create | Villager (Male) |
| 22:58 | Research | Wheelbarrow |
| 23:18 | Build | Palisade Wall |
| 23:21 | Build | Palisade Wall |
| 23:24 | Build | Palisade Wall |
| 23:25 | Build | Palisade Wall |
| 23:29 | Create | Villager (Male) |
| 23:42 | Create | Villager (Male) |
| 23:42 | Create | Villager (Male) |
| 23:43 | Create | Villager (Male) |
| 23:44 | Build | Farm |
| 24:00 | Build | Farm |
| 24:01 | Build | Farm |
| 24:02 | Build | Farm |
| 24:03 | Create | Villager (Male) |
| 24:13 | Create | Villager (Male) |
| 24:20 | Build | Farm |
| 24:22 | Build | Farm |
| 24:23 | Build | Farm |
| 24:23 | Build | Farm |
| 24:25 | Create | Villager (Male) |
| 24:34 | Create | Villager (Male) |
| 24:36 | Create | Villager (Male) |
| 24:38 | Build | Farm |
| 24:39 | Build | Farm |
| 24:40 | Build | Farm |
| 24:41 | Create | Villager (Male) |
| 24:42 | Create | Villager (Male) |
| 24:54 | Create | Villager (Male) |
| 25:01 | Build | Town Center |
| 25:03 | Create | Villager (Male) |
| 25:13 | Build | House |
| 25:17 | Create | Villager (Male) |
| 25:26 | Create | Villager (Male) |
| 25:31 | Build | Farm |
| 25:32 | Build | Farm |
| 25:33 | Create | Villager (Male) |
| 25:36 | Create | Villager (Male) |
| 25:39 | Build | Farm |
| 25:39 | Build | Farm |
| 25:56 | Create | Villager (Male) |
| 26:00 | Build | Outpost |
| 26:01 | Create | Villager (Male) |
| 26:14 | Build | House |
| 26:19 | Create | Villager (Male) |
| 26:23 | Build | Farm |
| 26:24 | Build | Farm |
| 26:35 | Create | Villager (Male) |
| 26:37 | Create | Villager (Male) |
| 26:38 | Create | Villager (Male) |
| 26:39 | Create | Villager (Male) |
| 26:39 | Create | Villager (Male) |
| 26:39 | Create | Villager (Male) |
| 26:42 | Build | Farm |
| 26:42 | Build | Farm |
| 26:43 | Build | Farm |
| 26:44 | Build | Farm |
| 26:45 | Build | Farm |
| 26:46 | Create | Villager (Male) |
| 26:54 | Create | Villager (Male) |
| 26:55 | Create | Villager (Male) |
| 27:00 | Build | Farm |
Build order — Papa Crimskiy
First 150 of 646 actions detected
| 0:02 | Create | Villager (Male) ×4 |
| 0:04 | Build | House |
| 1:33 | Create | Villager (Male) |
| 1:46 | Build | House |
| 1:48 | Build | House |
| 2:04 | Create | Villager (Male) |
| 2:15 | Build | Lumber Camp |
| 2:17 | Build | Lumber Camp |
| 2:27 | Create | Villager (Male) |
| 2:32 | Build | House |
| 2:50 | Create | Villager (Male) |
| 3:22 | Create | Villager (Male) |
| 3:45 | Create | Villager (Male) |
| 4:06 | Create | Villager (Male) |
| 4:31 | Create | Villager (Male) |
| 4:42 | Build | Mill |
| 5:00 | Create | Villager (Male) |
| 5:18 | Create | Villager (Male) |
| 5:45 | Create | Villager (Male) |
| 6:07 | Create | Villager (Male) |
| 6:18 | Create | Villager (Male) |
| 6:36 | Create | Villager (Male) |
| 7:31 | Create | Villager (Male) |
| 7:33 | Create | Villager (Male) |
| 8:11 | Research | Feudal Age |
| 8:26 | Build | Mining Camp |
| 8:32 | Build | Mining Camp |
| 8:43 | Build | Farm |
| 8:50 | Build | Farm |
| 9:22 | Create | Villager (Male) |
| 9:22 | Create | Villager (Male) |
| 9:43 | Build | Farm |
| 9:58 | Build | House |
| 10:32 | Age | Feudal Age |
| 10:38 | Build | Market |
| 11:09 | Build | Blacksmith |
| 11:23 | Create | Villager (Male) |
| 11:51 | Research | Castle Age |
| 11:51 | Research | Castle Age |
| 12:05 | Research | Double-Bit Axe |
| 12:06 | Research | Double-Bit Axe |
| 12:42 | Research | Horse Collar |
| 12:46 | Build | Farm |
| 12:52 | Build | Farm |
| 13:25 | Build | House |
| 13:26 | Build | House |
| 14:28 | Create | Villager (Male) |
| 14:31 | Age | Castle Age |
| 14:32 | Build | Town Center |
| 14:37 | Build | Town Center |
| 14:39 | Research | Bow Saw |
| 14:51 | Create | Villager (Male) |
| 14:59 | Build | Farm |
| 15:14 | Create | Villager (Male) |
| 15:34 | Build | Farm |
| 16:03 | Build | Siege Workshop |
| 16:05 | Create | Villager (Male) |
| 16:05 | Create | Villager (Male) |
| 16:07 | Build | Farm |
| 16:10 | Create | Villager (Male) |
| 16:13 | Build | Farm |
| 16:16 | Build | Farm |
| 16:18 | Build | Farm |
| 16:19 | Build | Farm |
| 16:27 | Create | Villager (Male) |
| 16:28 | Create | Villager (Male) |
| 16:31 | Build | Farm |
| 16:50 | Create | Villager (Male) |
| 16:51 | Create | Villager (Male) |
| 16:54 | Build | Farm |
| 16:56 | Build | Farm |
| 17:03 | Create | Villager (Male) |
| 17:03 | Create | Villager (Male) |
| 17:10 | Build | Farm |
| 17:21 | Build | Siege Workshop |
| 17:24 | Create | Villager (Male) |
| 17:25 | Create | Villager (Male) |
| 17:25 | Create | Villager (Male) |
| 17:27 | Build | Farm |
| 17:36 | Create | Villager (Male) |
| 17:36 | Create | Villager (Male) |
| 17:39 | Build | Farm |
| 17:44 | Create | Villager (Male) |
| 17:50 | Create | Villager (Male) |
| 17:54 | Build | Farm |
| 18:03 | Create | Villager (Male) |
| 18:09 | Build | House |
| 18:14 | Create | Villager (Male) |
| 18:20 | Create | Mangonel |
| 18:23 | Create | Villager (Male) |
| 18:23 | Create | Villager (Male) |
| 18:27 | Create | Villager (Male) |
| 18:28 | Create | Villager (Male) |
| 18:34 | Build | Farm |
| 18:34 | Create | Villager (Male) |
| 18:35 | Create | Villager (Male) |
| 18:44 | Create | Villager (Male) |
| 18:53 | Build | House |
| 18:55 | Create | Villager (Male) |
| 18:55 | Create | Villager (Male) |
| 19:02 | Build | Farm |
| 19:03 | Build | Farm |
| 19:03 | Build | Farm |
| 19:04 | Create | Villager (Male) |
| 19:04 | Create | Villager (Male) |
| 19:16 | Build | Farm |
| 19:21 | Create | Villager (Male) |
| 19:21 | Create | Villager (Male) |
| 19:29 | Create | Villager (Male) |
| 19:41 | Create | Mangonel |
| 19:42 | Create | Villager (Male) |
| 19:42 | Create | Villager (Male) |
| 19:47 | Create | Villager (Male) |
| 19:48 | Create | Villager (Male) |
| 19:56 | Create | Villager (Male) |
| 19:56 | Create | Villager (Male) |
| 20:01 | Build | Farm |
| 20:03 | Build | Farm |
| 20:04 | Build | Farm |
| 20:12 | Create | Villager (Male) |
| 20:13 | Create | Villager (Male) |
| 20:15 | Build | Farm |
| 20:17 | Build | Farm |
| 20:18 | Create | Villager (Male) |
| 20:19 | Create | Villager (Male) |
| 20:41 | Create | Villager (Male) |
| 20:41 | Create | Villager (Male) |
| 20:41 | Create | Villager (Male) |
| 20:46 | Build | Farm |
| 20:47 | Create | Villager (Male) |
| 20:48 | Build | Farm |
| 20:56 | Create | Villager (Male) |
| 20:56 | Create | Villager (Male) |
| 20:59 | Create | Mangonel |
| 21:04 | Create | Villager (Male) |
| 21:04 | Create | Villager (Male) |
| 21:09 | Build | House |
| 21:11 | Build | House |
| 21:12 | Build | House |
| 21:20 | Build | Farm |
| 21:22 | Build | Farm |
| 21:22 | Research | Gold Mining |
| 21:26 | Build | Farm |
| 21:27 | Build | Farm |
| 21:29 | Create | Villager (Male) |
| 21:29 | Create | Villager (Male) |
| 21:49 | Create | Villager (Male) |
| 21:49 | Create | Villager (Male) |
| 21:55 | Build | Farm |
| 21:57 | Build | Farm |
Build order — McGoon
First 150 of 543 actions detected
| 0:01 | Create | Villager (Male) |
| 0:01 | Create | Villager (Male) |
| 0:01 | Create | Villager (Male) |
| 0:02 | Build | House |
| 0:04 | Build | House |
| 0:17 | Create | Villager (Male) |
| 1:42 | Create | Villager (Male) |
| 1:43 | Create | Villager (Male) |
| 2:07 | Create | Villager (Male) |
| 2:13 | Build | Mule Cart |
| 2:50 | Create | Villager (Male) |
| 3:10 | Create | Villager (Male) |
| 3:40 | Create | Villager (Male) |
| 3:58 | Build | House |
| 3:59 | Build | Mill |
| 4:09 | Create | Villager (Male) |
| 4:10 | Create | Villager (Male) |
| 4:11 | Create | Villager (Male) |
| 5:02 | Create | Villager (Male) |
| 5:09 | Build | House |
| 5:12 | Create | Villager (Male) |
| 5:13 | Create | Villager (Male) |
| 5:52 | Create | Villager (Male) |
| 6:07 | Build | Farm |
| 6:43 | Create | Villager (Male) |
| 7:14 | Build | Mule Cart |
| 7:18 | Create | Villager (Male) |
| 7:18 | Create | Villager (Male) |
| 8:21 | Create | Villager (Male) |
| 8:22 | Research | Feudal Age |
| 8:55 | Build | House |
| 9:08 | Create | Villager (Male) |
| 9:16 | Create | Villager (Male) |
| 9:22 | Build | Farm |
| 9:24 | Build | Farm |
| 10:22 | Build | Barracks |
| 10:57 | Age | Feudal Age |
| 11:06 | Build | Blacksmith |
| 11:12 | Build | Stable |
| 11:18 | Build | Farm |
| 11:23 | Research | Loom |
| 11:23 | Research | Loom |
| 11:59 | Research | Double-Bit Axe |
| 12:05 | Research | Castle Age |
| 12:32 | Create | Spearman |
| 12:33 | Create | Spearman |
| 12:48 | Research | Horse Collar |
| 12:51 | Build | Farm |
| 12:55 | Build | Farm |
| 12:58 | Build | Farm |
| 13:17 | Create | Villager (Male) |
| 13:36 | Create | Spearman |
| 13:44 | Build | Farm |
| 13:47 | Build | Farm |
| 13:51 | Build | House |
| 13:52 | Research | Double-Bit Axe |
| 14:24 | Create | Spearman |
| 14:52 | Age | Castle Age |
| 14:54 | Build | Siege Workshop |
| 14:57 | Research | Bow Saw |
| 15:21 | Create | Villager (Male) |
| 15:23 | Create | Villager (Male) |
| 15:45 | Create | Battering Ram |
| 15:58 | Create | Villager (Male) |
| 16:15 | Build | House |
| 16:17 | Create | Battering Ram |
| 16:46 | Create | Villager (Male) |
| 16:46 | Create | Villager (Male) |
| 16:48 | Create | Battering Ram |
| 16:51 | Create | Scorpion |
| 16:51 | Create | Scorpion |
| 17:11 | Build | Monastery |
| 17:17 | Create | Villager (Male) |
| 17:27 | Build | House |
| 17:41 | Create | Scorpion |
| 17:48 | Create | Villager (Male) |
| 17:50 | Build | Farm |
| 17:53 | Build | Farm |
| 17:54 | Build | Farm |
| 18:09 | Build | Mule Cart |
| 18:19 | Create | Monk |
| 18:34 | Create | Villager (Male) |
| 18:34 | Create | Villager (Male) |
| 18:40 | Build | Outpost |
| 18:46 | Create | Villager (Male) |
| 18:53 | Build | Town Center |
| 18:58 | Create | Villager (Male) |
| 19:00 | Build | House |
| 19:28 | Research | Wheelbarrow |
| 19:36 | Create | Mangonel |
| 19:39 | Create | Villager (Male) |
| 19:40 | Create | Villager (Male) |
| 20:08 | Create | Villager (Male) |
| 20:10 | Create | Villager (Male) |
| 20:15 | Build | Outpost |
| 20:16 | Create | Villager (Male) |
| 20:29 | Build | Market |
| 20:37 | Create | Villager (Male) |
| 20:39 | Build | House |
| 20:40 | Build | Farm |
| 20:40 | Build | Farm |
| 20:40 | Build | Farm |
| 20:41 | Build | Farm |
| 20:41 | Build | Farm |
| 20:58 | Create | Mangonel |
| 20:59 | Create | Villager (Male) |
| 21:13 | Build | Farm |
| 21:23 | Create | Villager (Male) |
| 21:32 | Create | Villager (Male) |
| 21:49 | Create | Villager (Male) |
| 22:04 | Create | Villager (Male) |
| 22:07 | Create | Villager (Male) |
| 22:22 | Create | Mangonel |
| 22:33 | Build | Farm |
| 22:34 | Build | Farm |
| 22:35 | Build | Farm |
| 22:35 | Create | Villager (Male) ×3 |
| 22:46 | Create | Mangonel |
| 22:48 | Create | Villager (Male) |
| 22:49 | Build | Town Center |
| 23:12 | Create | Villager (Male) |
| 23:15 | Build | House |
| 23:19 | Research | Town Watch |
| 23:50 | Create | Villager (Male) |
| 23:50 | Create | Villager (Male) |
| 23:53 | Build | Town Center |
| 24:44 | Create | Villager (Male) |
| 24:46 | Build | Mill |
| 24:47 | Build | Farm |
| 24:47 | Build | Farm |
| 24:47 | Build | Farm |
| 24:47 | Build | Farm |
| 24:47 | Build | Farm |
| 24:48 | Create | Villager (Male) |
| 24:49 | Create | Villager (Male) |
| 24:49 | Create | Villager (Male) |
| 24:50 | Create | Villager (Male) ×5 |
| 25:08 | Create | Mangonel |
| 25:39 | Create | Villager (Male) |
| 25:40 | Create | Mangonel |
| 25:42 | Build | Farm |
| 25:43 | Build | Farm |
| 25:44 | Create | Villager (Male) |
| 25:45 | Create | Villager (Male) |
| 25:58 | Create | Villager (Male) |
| 26:01 | Build | Farm |
| 26:01 | Build | Farm |
| 26:02 | Build | Farm |
| 26:04 | Build | House |
| 26:05 | Build | House |
Build order — VL Carlos Manzo
First 150 of 782 actions detected
| 0:00 | Create | Villager (Male) |
| 0:01 | Create | Villager (Male) |
| 0:01 | Build | House |
| 0:04 | Build | House |
| 0:05 | Create | Villager (Male) |
| 0:09 | Create | Villager (Male) |
| 1:33 | Create | Villager (Male) |
| 1:50 | Create | Villager (Male) |
| 2:17 | Build | Lumber Camp |
| 2:25 | Create | Villager (Male) |
| 2:38 | Create | Villager (Male) |
| 2:57 | Create | Villager (Male) |
| 3:20 | Create | Villager (Male) |
| 3:53 | Create | Villager (Male) |
| 3:59 | Build | House |
| 4:15 | Create | Villager (Male) |
| 4:38 | Build | Mill |
| 4:54 | Create | Villager (Male) |
| 5:13 | Create | Villager (Male) |
| 5:34 | Create | Villager (Male) |
| 6:03 | Create | Villager (Male) |
| 6:07 | Build | House |
| 6:37 | Create | Villager (Male) |
| 7:00 | Create | Villager (Male) |
| 7:29 | Create | Villager (Male) |
| 7:35 | Build | Mining Camp |
| 7:52 | Build | House |
| 7:59 | Create | Villager (Male) |
| 8:00 | Research | Feudal Age |
| 8:56 | Build | Palisade Wall |
| 9:03 | Build | Palisade Wall |
| 9:13 | Build | Palisade Wall |
| 9:29 | Build | Palisade Wall |
| 9:33 | Build | Palisade Wall |
| 10:34 | Age | Feudal Age |
| 10:41 | Build | House |
| 10:42 | Create | Villager (Male) |
| 10:48 | Build | Palisade Wall |
| 10:53 | Build | Market |
| 11:07 | Build | Blacksmith |
| 11:09 | Create | Villager (Male) |
| 11:12 | Build | Palisade Wall |
| 11:21 | Build | Palisade Wall |
| 11:24 | Build | Palisade Wall |
| 11:28 | Create | Villager (Male) |
| 11:33 | Build | Palisade Wall |
| 11:49 | Create | Villager (Male) |
| 12:23 | Build | Watch Tower |
| 12:52 | Research | Castle Age |
| 13:18 | Build | Mining Camp |
| 13:43 | Build | Farm |
| 13:49 | Build | House |
| 14:04 | Build | Farm |
| 14:28 | Build | House |
| 14:31 | Create | Villager (Male) |
| 14:33 | Build | Farm |
| 14:52 | Build | Farm |
| 14:55 | Build | Farm |
| 15:02 | Build | Palisade Wall |
| 15:31 | Build | Palisade Wall |
| 15:32 | Age | Castle Age |
| 15:34 | Build | Palisade Wall |
| 15:34 | Create | Villager (Male) |
| 15:46 | Build | Siege Workshop |
| 15:56 | Build | Palisade Wall |
| 16:05 | Research | Double-Bit Axe |
| 16:21 | Create | Villager (Male) |
| 16:39 | Create | Mangonel |
| 16:48 | Build | House |
| 16:59 | Build | Gate |
| 17:01 | Build | House |
| 17:03 | Create | Villager (Male) |
| 17:07 | Build | Farm |
| 17:09 | Create | Villager (Male) |
| 17:19 | Build | Farm |
| 18:08 | Create | Villager (Male) |
| 18:42 | Build | Town Center |
| 18:42 | Create | Villager (Male) |
| 18:52 | Create | Villager (Male) |
| 19:29 | Create | Villager (Male) |
| 19:33 | Research | Bow Saw |
| 19:57 | Create | Villager (Male) |
| 19:58 | Create | Villager (Male) |
| 20:14 | Build | Gate |
| 20:22 | Create | Villager (Male) |
| 20:28 | Build | Town Center |
| 20:32 | Build | Farm |
| 20:40 | Create | Villager (Male) |
| 20:51 | Build | Farm |
| 20:55 | Build | Farm |
| 21:15 | Create | Villager (Male) |
| 21:19 | Build | Farm |
| 21:21 | Build | Farm |
| 21:22 | Create | Villager (Male) |
| 21:40 | Create | Villager (Male) |
| 21:41 | Create | Villager (Male) |
| 21:46 | Build | Farm |
| 21:47 | Create | Villager (Male) |
| 21:49 | Build | Lumber Camp |
| 21:55 | Research | Loom |
| 22:07 | Build | Outpost |
| 22:10 | Build | Outpost |
| 22:12 | Research | Town Watch |
| 22:15 | Build | Farm |
| 22:19 | Create | Villager (Male) |
| 22:21 | Build | Farm |
| 22:34 | Build | Farm |
| 22:36 | Create | Villager (Male) |
| 22:36 | Create | Villager (Male) |
| 22:44 | Build | Outpost |
| 22:48 | Create | Villager (Male) |
| 22:49 | Create | Villager (Male) |
| 22:50 | Build | Farm |
| 22:53 | Build | Farm |
| 22:59 | Build | Outpost |
| 23:01 | Create | Villager (Male) |
| 23:05 | Build | Farm |
| 23:09 | Create | Villager (Male) |
| 23:13 | Build | Farm |
| 23:19 | Build | Outpost |
| 23:20 | Create | Villager (Male) |
| 23:24 | Build | Farm |
| 23:32 | Build | Farm |
| 23:33 | Create | Villager (Male) |
| 23:42 | Create | Villager (Male) |
| 23:54 | Create | Villager (Male) |
| 23:59 | Create | Villager (Male) |
| 24:03 | Build | Farm |
| 24:06 | Build | Farm |
| 24:10 | Create | Villager (Male) |
| 24:14 | Build | Farm |
| 24:20 | Build | Outpost |
| 24:22 | Create | Villager (Male) |
| 24:22 | Create | Villager (Male) |
| 24:23 | Build | Farm |
| 24:29 | Build | Farm |
| 24:29 | Create | Villager (Male) |
| 24:37 | Build | Farm |
| 24:40 | Create | Scorpion |
| 24:42 | Create | Villager (Male) |
| 24:46 | Create | Scorpion |
| 24:49 | Create | Villager (Male) |
| 25:01 | Create | Villager (Male) |
| 25:12 | Build | Outpost |
| 25:17 | Create | Villager (Male) |
| 25:17 | Create | Villager (Male) |
| 25:30 | Create | Villager (Male) |
| 25:36 | Create | Villager (Male) |
| 25:37 | Create | Battering Ram |
| 25:41 | Create | Villager (Male) |
Build order — Jeffrey Goonstein
First 150 of 735 actions detected
| 0:02 | Create | Villager (Male) ×4 |
| 0:02 | Create | Villager (Male) ×4 |
| 0:03 | Build | House |
| 0:04 | Build | House |
| 1:25 | Create | Villager (Male) |
| 1:25 | Create | Villager (Male) |
| 1:51 | Create | Villager (Male) |
| 2:20 | Create | Villager (Male) |
| 2:25 | Create | Villager (Male) |
| 2:55 | Create | Villager (Male) |
| 2:55 | Create | Villager (Male) |
| 3:07 | Create | Villager (Male) |
| 3:36 | Create | Villager (Male) |
| 3:36 | Create | Villager (Male) |
| 3:50 | Build | House |
| 3:51 | Build | Mill |
| 4:44 | Create | Villager (Male) |
| 5:07 | Build | Mill |
| 5:29 | Create | Villager (Male) |
| 5:47 | Research | Feudal Age |
| 5:55 | Research | Loom |
| 7:01 | Build | Mule Cart |
| 7:27 | Build | House |
| 7:53 | Create | Villager (Male) |
| 8:04 | Age | Feudal Age |
| 8:06 | Build | Watch Tower |
| 8:15 | Research | Double-Bit Axe |
| 8:32 | Create | Villager (Male) |
| 8:59 | Create | Villager (Male) |
| 9:12 | Create | Villager (Male) |
| 9:56 | Build | Blacksmith |
| 10:11 | Create | Villager (Male) |
| 10:20 | Build | Watch Tower |
| 10:28 | Create | Villager (Male) |
| 10:43 | Research | Fletching |
| 11:02 | Create | Villager (Male) |
| 11:04 | Create | Villager (Male) |
| 11:30 | Build | House |
| 11:35 | Create | Villager (Male) |
| 12:09 | Build | Gate |
| 12:09 | Create | Villager (Male) |
| 12:40 | Build | Farm |
| 12:41 | Research | Horse Collar |
| 13:01 | Build | Watch Tower |
| 13:01 | Create | Villager (Male) |
| 13:14 | Build | Farm |
| 13:17 | Build | Farm |
| 13:17 | Create | Villager (Male) |
| 13:36 | Create | Villager (Male) |
| 13:38 | Build | Farm |
| 13:52 | Create | Villager (Male) |
| 14:06 | Build | House |
| 14:08 | Build | Farm |
| 14:10 | Build | House |
| 14:22 | Create | Villager (Male) |
| 14:44 | Create | Villager (Male) |
| 14:47 | Build | Farm |
| 14:57 | Build | House |
| 15:14 | Create | Villager (Male) |
| 15:34 | Build | Watch Tower |
| 15:59 | Build | Farm |
| 15:59 | Create | Villager (Male) |
| 16:00 | Build | Farm |
| 16:43 | Create | Villager (Male) |
| 16:47 | Build | Market |
| 17:22 | Create | Villager (Male) |
| 17:23 | Create | Villager (Male) |
| 17:43 | Build | Farm |
| 17:57 | Create | Villager (Male) |
| 18:25 | Create | Villager (Male) |
| 18:39 | Create | Villager (Male) |
| 18:53 | Build | Farm |
| 18:56 | Build | Farm |
| 19:03 | Build | Farm |
| 19:14 | Research | Castle Age |
| 19:14 | Research | Castle Age |
| 20:06 | Create | Villager (Male) |
| 20:13 | Create | Villager (Male) |
| 21:54 | Age | Castle Age |
| 21:56 | Research | Bodkin Arrow |
| 21:56 | Research | Bodkin Arrow |
| 22:04 | Build | University |
| 22:08 | Build | Town Center |
| 22:09 | Create | Villager (Male) |
| 22:27 | Create | Villager (Male) |
| 22:31 | Research | Bow Saw |
| 22:43 | Create | Villager (Male) |
| 23:14 | Research | Guard Tower (upgrade) |
| 23:14 | Research | Guard Tower (upgrade) |
| 23:24 | Create | Villager (Male) |
| 23:26 | Create | Villager (Male) |
| 23:34 | Create | Villager (Male) |
| 24:02 | Create | Villager (Male) |
| 24:05 | Create | Villager (Male) |
| 24:39 | Create | Villager (Male) |
| 24:54 | Build | Watch Tower |
| 24:58 | Create | Villager (Male) |
| 25:11 | Create | Villager (Male) |
| 25:14 | Build | Town Center |
| 25:27 | Build | House |
| 25:28 | Build | House |
| 25:35 | Create | Villager (Male) |
| 25:42 | Create | Villager (Male) |
| 25:43 | Create | Villager (Male) |
| 25:55 | Create | Villager (Male) |
| 25:59 | Create | Villager (Male) |
| 26:06 | Create | Villager (Male) |
| 26:13 | Build | Watch Tower |
| 26:13 | Create | Villager (Male) |
| 26:16 | Create | Villager (Male) |
| 26:28 | Create | Villager (Male) |
| 26:28 | Create | Villager (Male) |
| 26:29 | Build | Farm |
| 26:30 | Build | Farm |
| 26:31 | Build | Farm |
| 26:32 | Build | Farm |
| 26:35 | Research | Wheelbarrow |
| 26:35 | Research | Wheelbarrow |
| 26:36 | Create | Villager (Male) |
| 26:49 | Create | Villager (Male) |
| 27:13 | Create | Villager (Male) |
| 27:20 | Create | Villager (Male) |
| 27:29 | Build | Farm |
| 27:29 | Build | Farm |
| 27:29 | Build | Farm |
| 27:29 | Build | Farm |
| 27:29 | Build | Farm |
| 27:29 | Build | Farm |
| 27:30 | Create | Villager (Male) |
| 27:33 | Build | Farm |
| 27:33 | Build | Farm |
| 27:35 | Build | Farm |
| 27:36 | Build | Farm |
| 27:36 | Build | Farm |
| 27:36 | Build | Farm |
| 27:36 | Build | Farm |
| 27:37 | Build | Farm |
| 27:55 | Create | Villager (Male) |
| 28:09 | Build | Outpost |
| 28:10 | Create | Villager (Male) |
| 28:11 | Build | Farm |
| 28:12 | Build | Farm |
| 28:16 | Build | Farm |
| 28:19 | Create | Villager (Male) |
| 28:26 | Build | House |
| 28:26 | Build | House |
| 28:29 | Create | Villager (Male) |
| 28:42 | Build | Farm |
| 28:44 | Build | Farm |
| 28:45 | Create | Villager (Male) |
Build order — VL Formolin
First 150 of 375 actions detected
| 0:02 | Create | Villager (Male) |
| 0:02 | Create | Villager (Male) |
| 0:03 | Create | Villager (Male) |
| 0:05 | Build | House |
| 0:05 | Create | Villager (Male) |
| 0:09 | Build | House |
| 1:25 | Create | Villager (Male) |
| 1:56 | Create | Villager (Male) |
| 2:03 | Build | Lumber Camp |
| 2:18 | Create | Villager (Male) |
| 2:34 | Create | Villager (Male) |
| 2:54 | Create | Villager (Male) |
| 2:54 | Create | Villager (Male) |
| 3:16 | Create | Villager (Male) |
| 3:26 | Build | House |
| 3:42 | Build | House |
| 3:46 | Create | Villager (Male) |
| 4:26 | Create | Villager (Male) |
| 4:29 | Create | Villager (Male) |
| 4:32 | Build | House |
| 4:51 | Create | Villager (Male) |
| 5:32 | Create | Villager (Male) |
| 5:32 | Create | Villager (Male) |
| 5:32 | Create | Villager (Male) |
| 5:59 | Build | Mill |
| 6:45 | Build | Lumber Camp |
| 7:04 | Create | Villager (Male) |
| 7:07 | Create | Villager (Male) |
| 7:19 | Build | Farm |
| 7:20 | Build | Farm |
| 7:46 | Build | Mining Camp |
| 7:49 | Create | Villager (Male) |
| 8:14 | Research | Loom |
| 8:34 | Build | Palisade Wall |
| 8:40 | Build | Palisade Wall |
| 8:47 | Research | Feudal Age |
| 8:47 | Research | Feudal Age |
| 8:55 | Build | Mining Camp |
| 9:07 | Build | Palisade Wall |
| 9:23 | Build | Palisade Wall |
| 9:38 | Build | Palisade Wall |
| 10:08 | Build | Barracks |
| 10:25 | Build | Palisade Wall |
| 10:44 | Build | House |
| 10:52 | Create | Villager (Male) |
| 10:52 | Create | Villager (Male) |
| 10:52 | Create | Villager (Male) |
| 10:57 | Age | Feudal Age |
| 11:07 | Build | Watch Tower |
| 11:37 | Research | Double-Bit Axe |
| 11:39 | Create | Villager (Male) |
| 11:51 | Build | Blacksmith |
| 12:23 | Build | House |
| 12:25 | Build | House |
| 12:33 | Build | House |
| 12:40 | Build | House |
| 12:43 | Create | Villager (Male) |
| 12:58 | Research | Fletching |
| 13:00 | Create | Villager (Male) |
| 13:09 | Build | House |
| 13:14 | Build | Watch Tower |
| 13:44 | Create | Villager (Male) |
| 13:49 | Build | Archery Range |
| 14:15 | Create | Villager (Male) |
| 14:36 | Create | Villager (Male) |
| 14:51 | Create | Archer |
| 14:52 | Create | Archer |
| 14:52 | Create | Archer |
| 15:14 | Build | Market |
| 15:17 | Create | Villager (Male) |
| 15:48 | Build | Stone Wall |
| 15:54 | Build | Gate |
| 16:02 | Create | Villager (Male) |
| 16:11 | Build | Stone Wall |
| 16:33 | Create | Villager (Male) |
| 16:39 | Build | Farm |
| 16:42 | Build | Farm |
| 16:43 | Build | Farm |
| 17:13 | Create | Villager (Male) |
| 17:16 | Research | Wheelbarrow |
| 17:22 | Create | Archer |
| 17:22 | Create | Archer |
| 17:34 | Build | Watch Tower |
| 18:05 | Build | Farm |
| 18:28 | Build | House |
| 18:37 | Build | Farm |
| 19:04 | Build | Farm |
| 19:18 | Create | Archer |
| 19:18 | Create | Archer |
| 19:24 | Create | Villager (Male) |
| 19:26 | Build | Farm |
| 19:31 | Build | Farm |
| 19:34 | Create | Villager (Male) |
| 19:34 | Create | Villager (Male) |
| 19:56 | Create | Villager (Male) |
| 19:58 | Build | Farm |
| 20:52 | Create | Villager (Male) |
| 20:53 | Create | Villager (Male) |
| 20:53 | Create | Villager (Male) |
| 21:09 | Build | Stone Wall |
| 21:25 | Create | Villager (Male) |
| 21:33 | Build | House |
| 21:34 | Build | House |
| 22:24 | Create | Villager (Male) |
| 22:39 | Build | Gate |
| 22:56 | Research | Castle Age |
| 23:49 | Research | Gold Mining |
| 23:56 | Build | Lumber Camp |
| 24:21 | Build | Watch Tower |
| 24:53 | Build | Farm |
| 24:58 | Research | Horse Collar |
| 25:49 | Create | Villager (Male) |
| 25:49 | Age | Castle Age |
| 25:51 | Build | Farm |
| 26:03 | Build | Castle |
| 26:47 | Create | Villager (Male) |
| 26:48 | Create | Villager (Male) |
| 27:11 | Research | Bow Saw |
| 27:17 | Build | House |
| 27:20 | Build | House |
| 27:34 | Create | Villager (Male) |
| 27:39 | Create | Villager (Male) |
| 27:48 | Build | Siege Workshop |
| 27:56 | Build | Mining Camp |
| 28:00 | Create | Villager (Male) |
| 28:25 | Build | Farm |
| 28:39 | Build | Farm |
| 28:46 | Build | University |
| 28:47 | Create | Villager (Male) |
| 28:53 | Create | Villager (Male) |
| 29:16 | Create | Villager (Male) |
| 29:22 | Build | Blacksmith |
| 29:30 | Create | Villager (Male) |
| 29:40 | Build | Mill |
| 29:41 | Build | Farm |
| 29:52 | Build | Farm |
| 29:53 | Build | Farm |
| 29:58 | Build | Farm |
| 30:00 | Build | Farm |
| 30:04 | Build | House |
| 30:05 | Build | House |
| 30:14 | Research | Bodkin Arrow |
| 30:16 | Create | Archer |
| 30:20 | Create | Mangonel |
| 30:37 | Build | Stone Wall |
| 30:47 | Build | Gate |
| 30:57 | Create | Villager (Male) |
| 31:07 | Create | Villager (Male) |
| 31:09 | Create | Villager (Male) |
| 31:11 | Build | Lumber Camp |
Build order — DarK | DeGoon
First 150 of 746 actions detected
| 0:02 | Create | Villager (Male) ×4 |
| 0:02 | Create | Villager (Male) ×4 |
| 0:03 | Build | House |
| 0:04 | Build | House |
| 1:13 | Create | Villager (Male) |
| 1:13 | Create | Villager (Male) |
| 2:07 | Create | Villager (Male) |
| 2:07 | Create | Villager (Male) |
| 2:14 | Build | Lumber Camp |
| 2:17 | Create | Villager (Male) |
| 2:47 | Create | Villager (Male) |
| 2:47 | Create | Villager (Male) |
| 2:48 | Create | Villager (Male) |
| 3:02 | Build | House |
| 3:11 | Create | Villager (Male) |
| 3:11 | Create | Villager (Male) |
| 3:11 | Create | Villager (Male) |
| 3:23 | Build | House |
| 3:43 | Create | Villager (Male) |
| 3:44 | Create | Villager (Male) |
| 3:44 | Create | Villager (Male) |
| 3:44 | Create | Villager (Male) |
| 4:18 | Build | Mill |
| 4:23 | Create | Villager (Male) |
| 4:24 | Create | Villager (Male) |
| 4:24 | Create | Villager (Male) |
| 4:54 | Create | Villager (Male) |
| 4:54 | Create | Villager (Male) |
| 5:20 | Create | Villager (Male) |
| 5:21 | Create | Villager (Male) |
| 5:23 | Create | Villager (Male) |
| 5:23 | Create | Villager (Male) |
| 5:31 | Create | Villager (Male) |
| 5:32 | Create | Villager (Male) |
| 5:46 | Create | Villager (Male) |
| 5:47 | Create | Villager (Male) |
| 5:47 | Create | Villager (Male) |
| 6:29 | Create | Villager (Male) |
| 7:29 | Build | House |
| 7:36 | Build | Farm |
| 7:46 | Build | Farm |
| 7:48 | Build | Farm |
| 7:53 | Create | Villager (Male) |
| 7:54 | Create | Villager (Male) |
| 8:00 | Build | Mining Camp |
| 8:16 | Create | Villager (Male) |
| 8:43 | Research | Feudal Age |
| 8:43 | Research | Feudal Age |
| 9:26 | Create | Villager (Male) |
| 9:26 | Create | Villager (Male) |
| 10:14 | Build | Farm |
| 10:57 | Age | Feudal Age |
| 10:59 | Build | Blacksmith |
| 11:00 | Build | Market |
| 11:41 | Build | House |
| 11:42 | Build | House |
| 11:47 | Research | Castle Age |
| 11:47 | Research | Castle Age |
| 11:58 | Build | Farm |
| 12:11 | Research | Double-Bit Axe |
| 12:11 | Research | Double-Bit Axe |
| 12:28 | Create | Villager (Male) |
| 12:28 | Create | Villager (Male) |
| 12:57 | Research | Horse Collar |
| 12:57 | Research | Horse Collar |
| 13:31 | Create | Villager (Male) |
| 14:27 | Age | Castle Age |
| 14:30 | Build | Town Center |
| 14:33 | Build | Town Center |
| 14:39 | Research | Bow Saw |
| 14:39 | Research | Bow Saw |
| 14:42 | Build | Farm |
| 14:45 | Build | Farm |
| 14:47 | Build | Farm |
| 14:50 | Create | Villager (Male) |
| 15:29 | Create | Villager (Male) |
| 15:37 | Research | Heavy Plow |
| 15:41 | Build | Farm |
| 15:43 | Build | Farm |
| 15:47 | Build | House |
| 15:48 | Build | House |
| 15:52 | Build | Farm |
| 15:54 | Build | Farm |
| 15:55 | Create | Villager (Male) |
| 16:02 | Create | Villager (Male) |
| 16:02 | Create | Villager (Male) |
| 16:07 | Build | Farm |
| 16:08 | Build | Farm |
| 16:18 | Build | Farm |
| 16:19 | Create | Villager (Male) |
| 16:19 | Create | Villager (Male) |
| 16:19 | Create | Villager (Male) |
| 16:28 | Create | Villager (Male) |
| 16:29 | Create | Villager (Male) |
| 16:29 | Create | Villager (Male) |
| 16:29 | Create | Villager (Male) |
| 16:33 | Build | Farm |
| 16:36 | Build | Farm |
| 16:37 | Build | Farm |
| 16:38 | Create | Villager (Male) |
| 16:39 | Create | Villager (Male) |
| 16:43 | Build | House |
| 16:44 | Create | Villager (Male) |
| 16:44 | Create | Villager (Male) |
| 16:45 | Create | Villager (Male) |
| 16:51 | Build | Farm |
| 16:59 | Create | Villager (Male) |
| 16:59 | Create | Villager (Male) |
| 17:00 | Create | Villager (Male) |
| 17:08 | Build | Farm |
| 17:09 | Build | Farm |
| 17:10 | Create | Villager (Male) |
| 17:11 | Create | Villager (Male) |
| 17:11 | Create | Villager (Male) |
| 17:19 | Build | House |
| 17:20 | Create | Villager (Male) |
| 17:20 | Create | Villager (Male) |
| 17:32 | Create | Villager (Male) |
| 17:32 | Create | Villager (Male) |
| 17:41 | Build | Monastery |
| 17:43 | Create | Villager (Male) |
| 17:44 | Create | Villager (Male) |
| 17:44 | Create | Villager (Male) |
| 17:47 | Build | Farm |
| 17:48 | Create | Villager (Male) |
| 17:48 | Create | Villager (Male) |
| 17:49 | Create | Villager (Male) |
| 17:51 | Create | Villager (Male) |
| 17:52 | Create | Villager (Male) |
| 17:56 | Build | Farm |
| 17:57 | Build | Farm |
| 17:59 | Create | Villager (Male) |
| 17:59 | Create | Villager (Male) |
| 18:00 | Create | Villager (Male) |
| 18:07 | Create | Villager (Male) |
| 18:07 | Create | Villager (Male) |
| 18:13 | Build | Farm |
| 18:15 | Build | Farm |
| 18:18 | Create | Villager (Male) |
| 18:19 | Create | Villager (Male) |
| 18:19 | Create | Villager (Male) |
| 18:22 | Create | Villager (Male) |
| 18:22 | Create | Villager (Male) |
| 18:22 | Create | Villager (Male) |
| 18:26 | Build | Farm |
| 18:29 | Create | Villager (Male) |
| 18:29 | Create | Villager (Male) |
| 18:29 | Create | Villager (Male) |
| 18:32 | Build | House |
| 18:33 | Create | Villager (Male) |
Build order — VL GaaRa__
First 150 of 840 actions detected
| 0:00 | Create | Villager (Male) |
| 0:01 | Create | Villager (Male) |
| 0:02 | Build | House |
| 0:04 | Build | House |
| 0:05 | Create | Villager (Male) |
| 0:06 | Create | Villager (Male) |
| 0:06 | Create | Villager (Male) |
| 1:23 | Create | Villager (Male) |
| 2:03 | Build | Lumber Camp |
| 2:04 | Create | Villager (Male) |
| 2:05 | Create | Villager (Male) |
| 2:05 | Create | Villager (Male) |
| 2:07 | Create | Villager (Male) |
| 2:08 | Create | Villager (Male) |
| 2:49 | Create | Villager (Male) |
| 3:11 | Create | Villager (Male) |
| 3:28 | Create | Villager (Male) |
| 3:50 | Build | House |
| 3:57 | Build | House |
| 4:00 | Create | Villager (Male) |
| 4:00 | Create | Villager (Male) |
| 4:28 | Create | Villager (Male) |
| 4:28 | Create | Villager (Male) |
| 4:28 | Create | Villager (Male) |
| 4:41 | Build | Mill |
| 4:44 | Create | Villager (Male) |
| 4:59 | Create | Villager (Male) |
| 4:59 | Create | Villager (Male) |
| 5:08 | Create | Villager (Male) |
| 5:58 | Create | Villager (Male) |
| 6:13 | Build | Farm |
| 6:16 | Build | Farm |
| 6:18 | Create | Villager (Male) |
| 6:44 | Build | Mining Camp |
| 6:48 | Create | Villager (Male) |
| 7:21 | Create | Villager (Male) |
| 7:22 | Create | Villager (Male) |
| 7:41 | Build | Lumber Camp |
| 8:08 | Research | Feudal Age |
| 10:02 | Build | Farm |
| 10:03 | Create | Villager (Male) |
| 10:08 | Build | House |
| 10:10 | Build | House |
| 10:31 | Age | Feudal Age |
| 10:38 | Build | Market |
| 10:42 | Create | Villager (Male) |
| 11:03 | Build | Blacksmith |
| 11:12 | Build | Farm |
| 11:26 | Build | Farm |
| 11:28 | Create | Villager (Male) |
| 12:06 | Research | Castle Age |
| 12:06 | Research | Castle Age |
| 12:47 | Research | Double-Bit Axe |
| 13:02 | Research | Horse Collar |
| 13:02 | Research | Horse Collar |
| 14:46 | Age | Castle Age |
| 14:48 | Build | Town Center |
| 14:54 | Create | Villager (Male) |
| 15:00 | Build | Town Center |
| 15:08 | Create | Villager (Male) |
| 15:17 | Build | Town Center |
| 15:35 | Create | Villager (Male) |
| 16:13 | Create | Villager (Male) |
| 16:15 | Create | Villager (Male) |
| 16:21 | Research | Wheelbarrow |
| 16:24 | Create | Villager (Male) |
| 16:25 | Create | Villager (Male) |
| 16:25 | Create | Villager (Male) |
| 16:25 | Create | Villager (Male) |
| 16:37 | Build | Farm |
| 16:46 | Build | Farm |
| 16:47 | Create | Villager (Male) |
| 16:47 | Create | Villager (Male) |
| 16:51 | Create | Villager (Male) |
| 16:51 | Create | Villager (Male) |
| 16:51 | Create | Villager (Male) |
| 16:59 | Build | Farm |
| 17:10 | Build | Farm |
| 17:19 | Create | Villager (Male) |
| 17:19 | Create | Villager (Male) |
| 17:22 | Build | Farm |
| 17:31 | Build | Farm |
| 17:37 | Build | House |
| 17:38 | Build | House |
| 17:42 | Create | Villager (Male) |
| 17:43 | Create | Villager (Male) |
| 17:47 | Build | Farm |
| 18:04 | Create | Villager (Male) |
| 18:04 | Create | Villager (Male) |
| 18:07 | Build | Farm |
| 18:11 | Create | Villager (Male) |
| 18:16 | Create | Villager (Male) |
| 18:18 | Build | Farm |
| 18:25 | Create | Villager (Male) |
| 18:25 | Create | Villager (Male) |
| 18:26 | Create | Villager (Male) |
| 18:30 | Build | Farm |
| 18:30 | Build | Farm |
| 18:30 | Build | Farm |
| 18:40 | Create | Villager (Male) |
| 18:40 | Create | Villager (Male) |
| 18:45 | Build | Farm |
| 18:49 | Build | Farm |
| 18:53 | Create | Villager (Male) |
| 18:53 | Create | Villager (Male) |
| 18:59 | Build | Farm |
| 19:04 | Create | Villager (Male) |
| 19:04 | Create | Villager (Male) |
| 19:06 | Build | House |
| 19:07 | Build | House |
| 19:15 | Create | Villager (Male) |
| 19:15 | Create | Villager (Male) |
| 19:20 | Research | Loom |
| 19:21 | Create | Villager (Male) |
| 19:32 | Create | Villager (Male) |
| 19:45 | Build | Siege Workshop |
| 19:57 | Create | Villager (Male) |
| 20:00 | Create | Villager (Male) |
| 20:01 | Create | Villager (Male) |
| 20:09 | Create | Villager (Male) |
| 20:15 | Create | Mangonel |
| 20:16 | Create | Mangonel |
| 20:23 | Create | Villager (Male) |
| 20:23 | Create | Villager (Male) |
| 20:23 | Create | Villager (Male) |
| 20:28 | Create | Villager (Male) |
| 20:56 | Create | Villager (Male) |
| 20:56 | Create | Villager (Male) |
| 20:57 | Create | Villager (Male) |
| 20:58 | Create | Villager (Male) |
| 21:03 | Build | Farm |
| 21:14 | Create | Villager (Male) |
| 21:17 | Create | Villager (Male) |
| 21:26 | Create | Villager (Male) |
| 21:28 | Build | Farm |
| 21:29 | Build | Farm |
| 21:29 | Build | Farm |
| 21:29 | Build | Farm |
| 21:29 | Build | Farm |
| 21:30 | Build | Farm |
| 21:30 | Create | Villager (Male) |
| 21:30 | Create | Villager (Male) |
| 21:31 | Create | Villager (Male) |
| 21:44 | Create | Villager (Male) |
| 21:44 | Create | Villager (Male) |
| 21:45 | Create | Villager (Male) |
| 21:51 | Create | Villager (Male) |
| 22:07 | Create | Villager (Male) |
| 22:07 | Create | Villager (Male) |
| 22:18 | Create | Villager (Male) |
Match timeline
| 8:04 | Jeffrey Goonstein · age_up feudal |
| 8:34 | VL Formolin · wall_segment Palisade Wall x14 |
| 8:40 | VL Formolin · wall_segment Palisade Wall x5 |
| 8:56 | VL Carlos Manzo · wall_segment Palisade Wall x4 |
| 8:58 | DaddyGooner69 · age_up feudal |
| 9:03 | VL Carlos Manzo · wall_segment Palisade Wall x7 |
| 9:07 | VL Formolin · wall_segment Palisade Wall x7 |
| 9:13 | VL Carlos Manzo · wall_segment Palisade Wall x4 |
| 9:23 | VL Formolin · wall_segment Palisade Wall x13 |
| 9:29 | VL Carlos Manzo · wall_segment Palisade Wall x5 |
| 9:33 | VL Carlos Manzo · wall_segment Palisade Wall x4 |
| 9:38 | VL Formolin · wall_segment Palisade Wall x3 |
| 10:08 | VL Formolin · first_building Barracks |
| 10:22 | McGoon · first_building Barracks |
| 10:25 | VL Formolin · wall_segment Palisade Wall x4 |
| 10:31 | VL GaaRa__ · age_up feudal |
| 10:32 | Papa Crimskiy · age_up feudal |
| 10:34 | VL Carlos Manzo · age_up feudal |
| 10:48 | VL Carlos Manzo · wall_segment Palisade Wall x2 |
| 10:57 | VL Formolin · age_up feudal |
| 10:57 | McGoon · age_up feudal |
| 10:57 | DarK | DeGoon · age_up feudal |
| 11:12 | McGoon · first_building Stable |
| 11:12 | VL Carlos Manzo · wall_segment Palisade Wall x1 |
| 11:21 | VL Carlos Manzo · wall_segment Palisade Wall x6 |
| 11:24 | VL Carlos Manzo · wall_segment Palisade Wall x8 |
| 11:33 | VL Carlos Manzo · wall_segment Palisade Wall x6 |
| 12:04 | VL GaaRa__ · first_market_buy 100 food |
| 12:11 | VL Carlos Manzo · first_market_buy 100 food |
| 12:11 | VL Carlos Manzo · first_market_sell 100 wood |
| 13:49 | VL Formolin · first_building Archery Range |
| 14:27 | DarK | DeGoon · age_up castle |
| 14:31 | Papa Crimskiy · age_up castle |
| 14:46 | VL GaaRa__ · age_up castle |
| 14:52 | McGoon · age_up castle |
| 14:54 | McGoon · first_building Siege Workshop |
| 15:02 | VL Carlos Manzo · wall_segment Palisade Wall x1 |
| 15:31 | VL Carlos Manzo · wall_segment Palisade Wall x4 |
| 15:32 | VL Carlos Manzo · age_up castle |
| 15:34 | VL Carlos Manzo · wall_segment Palisade Wall x6 |
| 15:46 | VL Carlos Manzo · first_building Siege Workshop |
| 15:48 | VL Formolin · wall_segment Stone Wall x5 |
| 15:56 | VL Carlos Manzo · wall_segment Palisade Wall x1 |
| 16:03 | Papa Crimskiy · first_building Siege Workshop |
| 16:11 | VL Formolin · wall_segment Stone Wall x1 |
| 16:28 | DarK | DeGoon · first_market_buy 100 food |
| 17:11 | McGoon · first_building Monastery |
| 17:41 | DarK | DeGoon · first_building Monastery |
| 18:18 | Papa Crimskiy · first_market_sell 100 wood |
| 19:45 | VL GaaRa__ · first_building Siege Workshop |
| 21:09 | VL Formolin · wall_segment Stone Wall x10 |
| 21:23 | DaddyGooner69 · age_up castle |
| 21:54 | Jeffrey Goonstein · age_up castle |
| 22:29 | Papa Crimskiy · first_building Barracks |
| 22:45 | VL GaaRa__ · first_building Castle |
| 22:52 | VL Formolin · first_market_sell 500 wood |
| 22:53 | VL Formolin · first_market_buy 100 food |
| 23:18 | DaddyGooner69 · wall_segment Palisade Wall x1 |
| 23:21 | DaddyGooner69 · wall_segment Palisade Wall x1 |
| 23:24 | DaddyGooner69 · wall_segment Palisade Wall x1 |
| 23:25 | DaddyGooner69 · wall_segment Palisade Wall x1 |
| 23:46 | DaddyGooner69 · first_market_buy 100 wood |
| 24:41 | DarK | DeGoon · first_building Barracks |
| 25:16 | DarK | DeGoon · first_building Stable |
| 25:39 | Papa Crimskiy · first_building Archery Range |
| 25:49 | VL Formolin · age_up castle |
| 26:03 | VL Formolin · first_building Castle |
| 26:05 | VL GaaRa__ · first_building Barracks |
| 26:08 | VL Carlos Manzo · first_building Barracks |
| 27:02 | DarK | DeGoon · age_up imperial |
| 27:34 | VL GaaRa__ · first_building Stable |
| 27:48 | VL Formolin · first_building Siege Workshop |
| 28:07 | Papa Crimskiy · age_up imperial |
| 28:23 | Papa Crimskiy · first_building Castle |
| 28:41 | DarK | DeGoon · first_market_sell 100 wood |
| 28:50 | VL GaaRa__ · age_up imperial |
| 28:56 | McGoon · wall_segment Palisade Wall x1 |
| 28:59 | McGoon · wall_segment Palisade Wall x1 |
| 29:00 | McGoon · wall_segment Palisade Wall x1 |
| 29:01 | McGoon · wall_segment Palisade Wall x1 |
| 29:10 | McGoon · first_market_buy 100 food |
| 29:16 | VL Carlos Manzo · first_building Castle |
| 29:25 | DaddyGooner69 · wall_segment Stone Wall x2 |
| 30:11 | McGoon · first_building Archery Range |
| 30:13 | VL Carlos Manzo · wall_segment Stone Wall x3 |
| 30:27 | DarK | DeGoon · first_building Castle |
| 30:37 | VL Formolin · wall_segment Stone Wall x4 |
| 30:50 | DaddyGooner69 · first_building Monastery |
| 31:12 | DarK | DeGoon · first_building Siege Workshop |
| 31:15 | VL Carlos Manzo · wall_segment Stone Wall x4 |
| 31:24 | VL Carlos Manzo · wall_segment Stone Wall x6 |
| 31:30 | VL Carlos Manzo · wall_segment Stone Wall x11 |
| 32:03 | DaddyGooner69 · first_building Castle |
| 32:12 | McGoon · first_building Castle |
| 32:29 | McGoon · wall_segment Palisade Wall x1 |
| 32:32 | McGoon · wall_segment Palisade Wall x1 |
| 32:42 | McGoon · age_up imperial |
| 32:44 | Jeffrey Goonstein · first_building Monastery |
| 32:58 | DaddyGooner69 · first_building Barracks |
| 33:06 | VL Formolin · first_building Stable |
| 33:20 | DaddyGooner69 · first_building Archery Range |
| 33:22 | VL Formolin · wall_segment Stone Wall x11 |
| 33:31 | DaddyGooner69 · first_market_sell 100 stone |
| 33:45 | DarK | DeGoon · first_building Archery Range |
| 33:56 | Jeffrey Goonstein · first_building Castle |
| 34:26 | VL Formolin · first_building Monastery |
| 34:33 | DaddyGooner69 · age_up imperial |
| 35:20 | Jeffrey Goonstein · first_building Barracks |
| 35:21 | VL Carlos Manzo · age_up imperial |
| 35:49 | Jeffrey Goonstein · first_building Stable |
| 35:49 | VL Formolin · age_up imperial |
| 36:02 | Papa Crimskiy · tribute_sent a jugador 2 |
| 36:02 | Papa Crimskiy · tribute_sent a jugador 3 |
| 36:02 | Papa Crimskiy · tribute_sent a jugador 4 |
| 36:02 | Papa Crimskiy · tribute_sent a jugador 5 |
| 36:02 | Papa Crimskiy · tribute_sent a jugador 6 |
| 36:02 | Papa Crimskiy · tribute_sent a jugador 7 |
| 36:02 | Papa Crimskiy · tribute_sent a jugador 8 |
| 36:21 | Jeffrey Goonstein · age_up imperial |
| 37:19 | Papa Crimskiy · tribute_sent a jugador 2 |
| 37:19 | Papa Crimskiy · tribute_sent a jugador 3 |
| 37:19 | Papa Crimskiy · tribute_sent a jugador 4 |
| 37:19 | Papa Crimskiy · tribute_sent a jugador 5 |
| 37:19 | Papa Crimskiy · tribute_sent a jugador 6 |
| 37:19 | Papa Crimskiy · tribute_sent a jugador 7 |
| 37:19 | Papa Crimskiy · tribute_sent a jugador 8 |
| 39:25 | Jeffrey Goonstein · first_market_buy 100 stone |
| 39:31 | Papa Crimskiy · tribute_sent a jugador 2 |
| 39:31 | Papa Crimskiy · tribute_sent a jugador 3 |
| 39:31 | Papa Crimskiy · tribute_sent a jugador 4 |
| 39:31 | Papa Crimskiy · tribute_sent a jugador 5 |
| 39:31 | Papa Crimskiy · tribute_sent a jugador 6 |
| 39:31 | Papa Crimskiy · tribute_sent a jugador 7 |
| 39:31 | Papa Crimskiy · tribute_sent a jugador 8 |
| 40:11 | McGoon · first_market_sell 500 food |
| 41:25 | Papa Crimskiy · tribute_sent a jugador 2 |
| 41:25 | Papa Crimskiy · tribute_sent a jugador 3 |
| 41:25 | Papa Crimskiy · tribute_sent a jugador 4 |
| 41:25 | Papa Crimskiy · tribute_sent a jugador 5 |
| 41:25 | Papa Crimskiy · tribute_sent a jugador 6 |
| 41:25 | Papa Crimskiy · tribute_sent a jugador 7 |
| 41:25 | Papa Crimskiy · tribute_sent a jugador 8 |
| 42:11 | Papa Crimskiy · first_building Stable |
| 42:21 | McGoon · tribute_sent a jugador 1 |
| 42:21 | McGoon · tribute_sent a jugador 3 |
| 42:21 | McGoon · tribute_sent a jugador 4 |
| 42:21 | McGoon · tribute_sent a jugador 5 |
| 42:21 | McGoon · tribute_sent a jugador 6 |
| 42:21 | McGoon · tribute_sent a jugador 7 |
| 42:21 | McGoon · tribute_sent a jugador 8 |
| 42:25 | Jeffrey Goonstein · first_building Siege Workshop |
| 43:13 | Papa Crimskiy · tribute_sent a jugador 2 |
| 43:13 | Papa Crimskiy · tribute_sent a jugador 3 |
| 43:13 | Papa Crimskiy · tribute_sent a jugador 4 |
| 43:13 | Papa Crimskiy · tribute_sent a jugador 5 |
| 43:13 | Papa Crimskiy · tribute_sent a jugador 6 |
| 43:13 | Papa Crimskiy · tribute_sent a jugador 7 |
| 43:13 | Papa Crimskiy · tribute_sent a jugador 8 |
| 45:00 | McGoon · tribute_sent a jugador 1 |
| 45:00 | McGoon · tribute_sent a jugador 3 |
| 45:00 | McGoon · tribute_sent a jugador 4 |
| 45:00 | McGoon · tribute_sent a jugador 5 |
| 45:00 | McGoon · tribute_sent a jugador 6 |
| 45:00 | McGoon · tribute_sent a jugador 7 |
| 45:00 | McGoon · tribute_sent a jugador 8 |
| 45:08 | Jeffrey Goonstein · first_market_sell 500 food |
| 45:26 | DaddyGooner69 · tribute_sent a jugador 1 |
| 45:26 | DaddyGooner69 · tribute_sent a jugador 2 |
| 45:26 | DaddyGooner69 · tribute_sent a jugador 3 |
| 45:26 | DaddyGooner69 · tribute_sent a jugador 4 |
| 45:26 | DaddyGooner69 · tribute_sent a jugador 5 |
| 45:26 | DaddyGooner69 · tribute_sent a jugador 6 |
| 45:26 | DaddyGooner69 · tribute_sent a jugador 7 |
| 45:29 | McGoon · tribute_sent a jugador 1 |
| 45:29 | McGoon · tribute_sent a jugador 3 |
| 45:29 | McGoon · tribute_sent a jugador 4 |
| 45:29 | McGoon · tribute_sent a jugador 5 |
| 45:29 | McGoon · tribute_sent a jugador 6 |
| 45:29 | McGoon · tribute_sent a jugador 7 |
| 45:29 | McGoon · tribute_sent a jugador 8 |
| 49:39 | VL Carlos Manzo · wall_segment Stone Wall x1 |
| 50:27 | McGoon · tribute_sent a jugador 1 |
| 50:27 | McGoon · tribute_sent a jugador 3 |
| 50:27 | McGoon · tribute_sent a jugador 4 |
| 50:27 | McGoon · tribute_sent a jugador 5 |
| 50:27 | McGoon · tribute_sent a jugador 6 |
| 50:27 | McGoon · tribute_sent a jugador 7 |
| 50:27 | McGoon · tribute_sent a jugador 8 |
| 52:36 | DaddyGooner69 · tribute_sent a jugador 1 |
| 52:36 | DaddyGooner69 · tribute_sent a jugador 2 |
| 52:36 | DaddyGooner69 · tribute_sent a jugador 3 |
| 52:36 | DaddyGooner69 · tribute_sent a jugador 4 |
| 52:36 | DaddyGooner69 · tribute_sent a jugador 5 |
| 52:36 | DaddyGooner69 · tribute_sent a jugador 6 |
| 52:36 | DaddyGooner69 · tribute_sent a jugador 7 |
| 53:00 | Papa Crimskiy · resign |
[ AI ANALYSIS · 1 CREDIT ]
What really happened in this match?
Wolo.gg analyzes every decision: build order, eco, micro, common mistakes by bracket. Personalized analysis on WhatsApp or Discord in 30 seconds.
Civ guide
Incas
Perfil
Diamonds